 Dungeon Crawl Stone Soup version 0.28-a0-1395-g4f6bc678fa (webtiles) character file.

Game seed: 14594280354925300433

135 Deminshera the Sneak (level 5, -1/30 HPs)
             Began as a Kobold Earth Elementalist on Jan 4, 2022.
             Slain by Grinder (5 damage)
             ... while paralysed by Grinder
             ... on level 3 of the Dungeon.
             The game lasted 00:04:01 (3133 turns).

Deminshera the Sneak (Kobold Earth Elementalist)    Turns: 3133, Time: 00:04:01

Health: -1/30      AC:  5    Str:  7    XL:     5   Next: 42%
Magic:  8/8        EV:  3    Int: 17    God:
Gold:   48         SH:  0    Dex: 15    Spells: 0/8 levels left

rFire   . . .      SeeInvis .   d - +2 short sword (flame)
rCold   . . .      Faith    .   (no shield)
rNeg    . . .      Spirit   .   m - +2 leather armour {rPois}
rPois   +          Reflect  .   (no helmet)
rElec   .          Harm     .   (no cloak)
rCorr   .          Rampage  .   (no gloves)
Will    .....                   (no boots)
Stlth   ++++......              (no amulet)
HPRegen 0.10/turn               (no ring)
MPRegen 0.11/turn               (no ring)

@: paralysed
A: small, no large weapons, nightstalker 3
a: no special abilities


You were on level 3 of the Dungeon.
You visited 1 branch of the dungeon, and saw 3 of its levels.

You collected 48 gold pieces.

Inventory:

Hand Weapons
 a - a +0 dagger
 d - a +2 short sword of flaming (weapon)
Missiles
 c - 110 stones
 f - a throwing net
Armour
 m - a +2 leather armour of poison resistance (worn)
Jewellery
 e - an amulet of faith
Scrolls
 g - a scroll of identify {unknown}
 h - a scroll of immolation {unknown}
 i - 2 scrolls of enchant weapon {unknown}
 l - a scroll of teleportation {unknown}
 n - 3 scrolls of noise {unknown}
Potions
 j - a potion of heal wounds {unknown}


   Skills:
 + Level 2.0 Fighting
 + Level 0.2 Short Blades
 - Level 3.0 Dodging
 + Level 6.0 Stealth
 - Level 2.4 Spellcasting
 - Level 1.0 Transmutations
 - Level 3.1 Earth Magic


You couldn't memorise any spells.
You knew the following spells:

 Your Spells              Type           Power      Damage    Failure   Level
a - Sandblast             Erth           24%        2d8       8%          1
b - Petrify               Tmut/Erth      9%         N/A       75%         4
c - Ignite Poison         Fire/Tmut/Pois 3%         N/A       58%         3

Your spell library contained the following spells:

 Spells                   Type           Power      Damage    Failure   Level
 Passwall                 Tmut/Erth      7%         N/A       19%         2
 Pain                     Necr           8%         1d4       28%         1
 Stone Arrow              Conj/Erth      14%        3d7       41%         3
 Agony                    Necr           2%         N/A       100%        5
 Excruciating Wounds      Necr           1%         N/A       100%        5
 Summon Cactus Giant      Summ           1%         N/A       100%        6
 Haunt                    Necr/Summ      1%         N/A       100%        7


Dungeon Overview and Level Annotations

Branches:
Dungeon (3/15)

Altars:

Annotations:
D:3 Grinder


Innate Abilities, Weirdness & Mutations

You are small and have problems with some larger weapons.
You are completely attuned to the shadows.


Message History

Pain shoots through your body!
You bump into the rock wall.
Grinder misses you.
Your magical contamination has completely faded away.
You bump into the rock wall.
Grinder completely misses you.
You're too confused to move!
You feel less invigorated.
You feel less confused. Grinder misses you.
You barely miss Grinder.
Grinder is moderately wounded.
Grinder blinks!
You hit Grinder but do no damage.
Grinder is moderately wounded.
Grinder hits you.
You writhe in agony.
You hit Grinder but do no damage.
Grinder is moderately wounded.
Grinder misses you.
You closely miss Grinder.
Grinder is moderately wounded.
Grinder hits you!
You writhe in agony.
Grinder hits you!
* * * LOW HITPOINT WARNING * * *
You writhe in agony.
* * * LOW HITPOINT WARNING * * *
You barely miss Grinder.
Grinder is moderately wounded.
Grinder closely misses you.
Casting: Sandblast (safe; 8% risk of failure)
Confirm with . or Enter, or press ? or * to list all spells.
Aiming: Sandblast (safe; 8% risk of failure)
Press: ? - help, Shift-Dir - straight line, f/p - Grinder
Aim: Grinder (moderately wounded, 77% to hit)
The blast of sand hits Grinder.
Grinder is moderately wounded.
Grinder gestures at you.
You suddenly lose the ability to move!
Grinder gestures at you.
You shrug off the repeated paralysis!
Grinder gestures at you. You resist with significant effort. Grinder hits you.
You die...

..$...# ......#
......# #####.#
#.# ######.##
#..##. +.......#
#.....#
#####.#.#.##...#.#
#@#.#.##.....#
####5#.....<.....
...)..#.####.####
.................
......#.####.####
......#..# #.#
......##.# #.#
.....[##.###.#
#..##.#


You could see Grinder.

Vanquished Creatures
  2 orc wizards (D:2)
  2 adders (D:2)
  A dart slug (D:3)
  2 orcs (D:2)
  4 bats
  4 endoplasms
  3 hobgoblins
  9 jackals
  2 quokkas (D:1)
  7 ball pythons
  5 frilled lizards
  9 goblins
  6 kobolds
  4 rats (D:1)
60 creatures vanquished.

Notes
Turn   | Place    | Note
-------+----------+-------------------------------------------
     0 | D:1      | Deminshera the Kobold Earth Elementalist began the quest
                  | for the Orb.
     0 | D:1      | Reached XP level 1. HP: 10/10 MP: 3/3
    50 | D:1      | Got the Papyrus of Creative Toxins
   305 | D:1      | Reached XP level 2. HP: 2/16 MP: 1/5
   740 | D:1      | Reached skill level 3 in Stealth
   979 | D:1      | Reached skill level 1 in Fighting
  1095 | D:1      | Reached XP level 3. HP: 20/20 MP: 6/6
  1939 | D:2      | Reached XP level 4. HP: 26/26 MP: 7/7
  2041 | D:2      | Reached skill level 4 in Stealth
  2382 | D:2      | Reached skill level 5 in Stealth
  2382 | D:2      | Reached XP level 5. HP: 12/30 MP: 1/8
  3044 | D:2      | Learned a level 4 spell: Petrify
  3048 | D:2      | Learned a level 3 spell: Ignite Poison
  3060 | D:3      | Reached skill level 6 in Stealth
  3100 | D:3      | Noticed Grinder
  3107 | D:3      | Paralysed by Grinder for 2 turns
  3130 | D:3      | Paralysed by Grinder for 5 turns
  3133 | D:3      | Slain by Grinder

Illustrated notes

Levels and vault maps discovered:
D:1:      minmay_arrival_wavy_path, layout_basic, hangedman_feature_mirror
D:2:      layout_loops_cross
D:3:      layout_basic, shapermc_ecumenical_altar_mp_highgroup,
          ebering_ghost_gozag, chequers_serial_rivers_small_b, uniq_ijyb,
          uniq_grinder

Skill      XL: |  1  2  3  4  5 |
---------------+----------------+-----
Stealth        | 3 5 6 |  6.0
Fighting       | 1 2 |  2.0
Dodging        | 3 |  3.0
Short Blades   | |  0.2
Spellcasting   | |  2.4
Transmutations | |  1.0
Earth Magic    | |  3.1

Action                   |  1- 3 |  4- 6 || total
-------------------------+-------+-------++-------
Melee: Dagger            |    12 |       ||    12
       Unarmed           |     6 |       ||     6
       Short sword       |    58 |    52 ||   110
 Cast: Sandblast         |    12 |    13 ||    25
  Use: Potion            |       |     1 ||     1
 Stab: Sleeping          |     8 |     8 ||    16
Armor: Robe              |    11 |       ||    11
       Leather armour    |       |    18 ||    18
Dodge: Dodged            |    62 |    36 ||    98

Table legend: (Time is in decaauts)
 A = Elapsed time spent in this place.
 B = Non-inter-level travel time spent in this place.
 C = Inter-level travel time spent in this place.
 D = Time resting spent in this place.
 E = Time spent auto-exploring this place.
 F = Levels seen in this place.
 G = Mean time per level.
                   A        B        C        D        E       F      G
               +--------+--------+--------+--------+--------+-----+--------+
         Total |   3142 |   3121 |     21 |   1034 |   1630 |   3 | 1047.3 |
       Dungeon |   3142 |   3121 |     21 |   1034 |   1630 |   3 | 1047.3 |
               +--------+--------+--------+--------+--------+-----+--------+

Top non-repeatable levels by time:
     D:1: 1856 daAuts
     D:2: 1200 daAuts
     D:3: 85 daAuts
